 Seeded DCSS version 0.31-a0-229-g1fc7ce93e2 (webtiles) character file.

Game seed: 13937975146149139884 (custom seed)

6 innerfire43 the Trooper (level 1, 0/18 HPs)
             Began as a Demonspawn Monk on July 6, 2023.
             Slain by an adder (1 damage)
             ... on level 2 of the Dungeon.
             The game lasted 00:00:10 (102 turns).

innerfire43 the Trooper (Demonspawn Monk)            Turns: 102, Time: 00:00:10

Health: 0/18       AC:  2    Str: 11    XL:     1   Next: 75%
Magic:  1/1        EV: 13    Int: 11    God:
Gold:   0          SH:  0    Dex: 15    Spells: 0/0 levels left

rFire   . . .        a - +0 hand axe
rCold   . . .        d - orb {light}
rNeg    . . .        b - +0 robe
rPois   .            (no helmet)
rElec   .            (no cloak)
rCorr   .            (no gloves)
SInv    .            (no boots)
Will    .....        (no amulet)
Stlth   +            (no ring)
HPRegen 0.23/turn    (no ring)
MPRegen 0.07/turn

%: no passive effects
@: lethally poisoned (0 -> -1), glowing
A: no striking features
a: no special abilities


You were on level 2 of the Dungeon.
You visited 1 branch of the dungeon, and saw 2 of its levels.

Inventory:

Hand Weapons
 a - a +0 hand axe (weapon)
Armour
 b - a +0 robe (worn)
 d - an orb of light (worn)
Potions
 c - a potion of ambrosia
 e - a potion of heal wounds {unknown}


   Skills:
 + Level 3.1 Fighting
 + Level 2.8 Axes
 + Level 2.8 Dodging


You couldn't memorise any spells.
You didn't know any spells.
Your spell library was empty.

Dungeon Overview and Level Annotations

Branches:
Dungeon (1/15)

Altars:


Message History

The endoplasm completely misses you.
There are monsters nearby!
You closely miss the adder. You hit the endoplasm. The endoplasm hits you.
The adder misses you. The endoplasm hits you.
There are monsters nearby!
You hit the endoplasm.
The endoplasm is heavily wounded.
You hit the adder. The adder bites you. x2
The endoplasm freezes you.
You are frozen.
There are monsters nearby!
You hit the endoplasm.
You kill the endoplasm!
You hit the adder but do no damage. The adder bites you.
There are monsters nearby!
You are too injured to fight recklessly!
There are monsters nearby!
You are too injured to fight recklessly!
Unknown command.
You are too injured to fight recklessly!
You hit the adder but do no damage.
The adder is moderately wounded.
You closely miss the goblin. The adder bites you. The goblin misses you.
The adder bites you.
You are poisoned.
The adder poisons you!
You hit the adder.
The adder is heavily wounded.
You hit the goblin.
You feel sick. The adder bites you.
* * * LOW HITPOINT WARNING * * *
A frilled lizard comes into view.
The goblin closely misses you.
The frilled lizard hisses angrily.
You hit the adder.
The adder is severely wounded.
You barely miss the goblin.
* * * LOW HITPOINT WARNING * * *
You feel sick. The adder closely misses you. The goblin misses you.
The adder bites you.
You die...

#...#######....+
..#. .....##
#....#.... .
####..###
#....#..##.#
##...###....#...g.#
###..........>#..#
######.#[......#
####...#####[!
#......g##
#.##.#..@# #
#.(##.S[..#
#..###!.(## #..#
..$..# #. ..#..l#
..###.... .# #....
.. .###


You could see an adder, a goblin and a frilled lizard.

Vanquished Creatures
  2 endoplasms (D:2)
  A giant cockroach (D:2)
  A quokka (D:2)
  A ball python (D:2)
5 creatures vanquished.

Notes
Turn   | Place    | Note
-------+----------+-------------------------------------------
     0 | D:1      | innerfire43 the Demonspawn Monk began the quest for the
                  | Orb.
     0 | D:1      | Reached XP level 1. HP: 18/18 MP: 1/1
     7 | D:1      | You fall into a shaft and drop 1 floor!
   102 | D:2      | Slain by an adder

Illustrated notes

Levels and vault maps discovered:
D:1:      sevenhm_arrival_forest_fort_small_6, layout_rooms,
          hellmonk_ecumenical_altar_blasted
D:2:      kennysheep_big_flooded_room, layout_basic, minmay_circle_x

Action                     || total
---------------------------++-------
  Melee: Hand axe          ||    11
  Dodge: Dodged            ||     9

Table legend: (Time is in decaauts)
 A = Elapsed time spent in this place.
 B = Non-inter-level travel time spent in this place.
 C = Inter-level travel time spent in this place.
 D = Time resting spent in this place.
 E = Time spent auto-exploring this place.
 F = Levels seen in this place.
 G = Mean time per level.
                   A        B        C        D        E       F      G
               +--------+--------+--------+--------+--------+-----+--------+
         Total |    103 |    103 |      0 |      0 |     69 |   2 |   51.5 |
       Dungeon |    103 |    103 |      0 |      0 |     69 |   2 |   51.5 |
               +--------+--------+--------+--------+--------+-----+--------+

Top non-repeatable levels by time:
     D:2: 96 daAuts
     D:1: 7 daAuts
